 Dungeon Crawl Stone Soup version 0.31.0-11-ge490571c62 (webtiles) character file.

Game seed: 1042769339144853996

8 qw the Shooter (level 2, -1/16 HPs)
             Began as a Deep Elf Hunter on Feb 4, 2024.
             Slain by Terence
             ... wielding a +2 short sword of speed
              (3 damage)
             ... on level 2 of the Dungeon.
             The game lasted 00:00:00 (913 turns).

qw the Shooter (Deep Elf Hunter)                     Turns: 913, Time: 00:00:01

Health: -1/16      AC:  5    Str:  8    XL:     2   Next: 0%
Magic:  4/4        EV: 10    Int: 13    God:
Gold:   69         SH:  0    Dex: 18    Spells: 1/1 levels left

rFire   . . .        a - +0 shortbow
rCold   . . .        (shield currently unavailable)
rNeg    . . .        d - +0 ring mail
rPois   .            (no helmet)
rElec   .            (no cloak)
rCorr   .            (no gloves)
SInv    .            (no boots)
Will    .....        (no amulet)
Stlth   +            (no ring)
HPRegen 0.22/turn    (no ring)
MPRegen 0.09/turn

%: no passive effects
@: no status effects
A: no striking features
a: no special abilities


You were on level 2 of the Dungeon.
You visited 1 branch of the dungeon, and saw 2 of its levels.

You collected 69 gold pieces.


   Skills:
 - Level 1.5 Fighting
 + Level 5.9 Ranged Weapons
 - Level 2.4 Dodging
 - Level 1.2 Stealth


You had one spell level left.
You didn't know any spells.
Your spell library was empty.

Inventory:

Hand Weapons
 a - a +0 shortbow (weapon)
Armour
 d - a +0 ring mail (worn)

Dungeon Overview and Level Annotations

Branches:
Dungeon (2/15)

Altars:

Shops:
D:1 [

Annotations:
D:2 Terence


Message History

You don't currently have any unidentified items.
Done exploring.
880 ||| DROPPING scroll of butterflies.
You drop a scroll of butterflies.
Done exploring.
881 ||| DROPPING 2 scrolls of torment.
You drop 2 scrolls of torment.
Done exploring.
What level of the Dungeon? (default 1, ? - help)
There is a stone staircase leading down here.
You climb downwards.
Terence shouts!
Found 24 gold pieces and 3 scrolls labelled RUNOED GUICKE.
There is a stone staircase leading up here.
Terence is nearby!
Waypoint 1 assigned to D:2.
You shoot an arrow. The arrow hits Terence.
Terence is lightly wounded.
You shoot an arrow.
The arrow hits Terence but does no damage.
Terence is lightly wounded.
You shoot an arrow. The arrow hits Terence.
Terence is moderately wounded.
Terence says, "Did you write a will?
You should..."
You shoot an arrow.
The arrow hits Terence but does no damage.
Terence is moderately wounded.
Terence says, "How do you enjoy it?"
Terence hits you with a +2 short sword of speed.
You shoot an arrow.
The arrow hits Terence but does no damage.
Terence is moderately wounded.
Terence hits you with a +2 short sword of speed.
Terence closely misses you.
You shoot an arrow. The arrow hits Terence.
Terence is moderately wounded.
Terence hits you with a +2 short sword of speed. x2
You shoot an arrow. The arrow hits Terence.
Terence is heavily wounded.
Terence says, "Did you write a will?
You should..."
Terence hits you with a +2 short sword of speed.
You die...
Terence says, "That felt goooood."

###########
#....@....#
?.....$@....#
###.........#
#.........#
#.........#
#.....$...#
#...^.....#
#...#######


You could see Terence.

Vanquished Creatures
  A goblin (D:1)
  A hobgoblin (D:1)
  A kobold (D:1)
  A quokka (D:1)
  3 bats (D:1)
7 creatures vanquished.

Notes
Turn   | Place    | Note
-------+----------+-------------------------------------------
     0 | D:1      | qw the Deep Elf Hunter began the quest for the Orb.
     0 | D:1      | Reached XP level 1. HP: 12/12 MP: 3/3
     0 | D:1      | 0 ||| qw: Version: 0.3-a-160-g6735b56
     0 | D:1      | 0 ||| qw: Game counter: 4535
     0 | D:1      | 0 ||| qw: Melee chars always use a shield: true
     0 | D:1      | 0 ||| qw: God list: Okawaru
     0 | D:1      | 0 ||| qw: Allow faded altars: false
     0 | D:1      | 0 ||| qw: Do Orc after clearing Dungeon:15 true
     0 | D:1      | 0 ||| qw: Do second Lair branch before Depths: true
     0 | D:1      | 0 ||| qw: Lair rune preference: random
     0 | D:1      | 0 ||| qw: Goals: Normal
     0 | D:1      | 0 ||| PLANNING D:1-11
   260 | D:1      | Found Cadinube's Armour Emporium.
   647 | D:1      | Reached XP level 2. HP: 16/16 MP: 4/4
   815 | D:1      | 815 ||| SHOPLISTING +1 pair of boots of rampaging (165
                  | gold, have 69).
   815 | D:1      | 815 ||| SHOPLISTING +1 scale mail of Springtime {rPois
                  | Int+4} (286 gold, have 69).
   839 | D:1      | 839 ||| UPGRADING to +0 ring mail.
   849 | D:1      | 849 ||| DROPPING +0 leather armour.
   850 | D:1      | 850 ||| READING 3 scrolls labelled XOCEIG RODUZO.
   879 | D:1      | 879 ||| READING scroll labelled RAM QEARENNOVA.
   880 | D:1      | 880 ||| DROPPING scroll of butterflies.
   881 | D:1      | 881 ||| DROPPING 2 scrolls of torment.
   906 | D:2      | Noticed Terence
   912 | D:2      | HP: 1/16 [Terence/+2 short sword of speed (4)]
   913 | D:2      | Slain by Terence

Levels and vault maps discovered:
D:1:      dpeg_arrival_arbitrary_b, layout_basic, serial_shops,
          nicolae_shop_window_shopping, roderic_serpentine_path,
          minmay_misc_feat_columns
D:2:      layout_rooms, shapermc_ecumenical_altar_venn, uniq_terence

Action                     || total
---------------------------++-------
   Fire: Shortbow          ||    17
    Use: Scroll            ||     2
 Armour: Leather armour    ||     1
         Ring mail         ||     5
  Dodge: Dodged            ||     3

Table legend:
 A = Non-vault XP
 B = Vault XP
 C = Vault XP percentage of total XP
 D = Non-vault monster count
 E = Vault monster count
 F = Vault count percentage of total count
                 A         B        C        D         E       F
            +---------+---------+-------+---------+---------+-------
      Total |      12 |       0 |   0.0 |       7 |       0 |   0.0
            +---------+---------+-------+---------+---------+-------
        D:1 |      12 |       0 |   0.0 |       7 |       0 |   0.0
            +---------+---------+-------+---------+---------+-------
